 Dungeon Crawl Stone Soup version 0.26-a0-84-g8c18429211 (webtiles) character file.

Game seed: 12625772340515507621

9226 Gargoyl the Cleaver (level 11, -6/90 HPs)
             Began as a Centaur Abyssal Knight on June 19, 2020.
             Was a Priest of Lugonu.
             Splashed by an acid dragon's acid (12 damage)
             ... on level 11 of the Dungeon on June 21, 2020.
             The game lasted 00:19:34 (11730 turns).

Gargoyl the Cleaver (Centaur Abyssal Knight)       Turns: 11730, Time: 00:19:35

Health: -6/90      AC:  8    Str: 21    XL:     11   Next: 20%
Magic:  17/17      EV: 20    Int: 16    God:    Lugonu [***...]
Gold:   250        SH:  9    Dex: 16    Spells: 10/10 levels left

rFire    . . .     SeeInvis +   a - +3 hand axe
rCold    . . .     Gourm    .   x - +0 kite shield
rNeg     . . .     Faith    .   b - +1 plate armour "Cyanaoh" {+Blink Str+4 Int+5} (curse)
rPois    .         Spirit   .   v - +2 helmet {SInv}
rElec    .         Reflect  .   A - +0 cloak
rCorr    .         Harm     .   f - +2 pair of gloves
MR       .....                  (no barding)
Stlth    ..........             p - amulet of the acrobat
HPRegen  0.25/turn              d - +4 ring of slaying
MPRegen  0.15/turn              q - +6 ring of dexterity

@: corroded, acrobat, very quick
A: large, hooves 3, deformed body, speed 2, tough skin 3
a: Depart the Abyss, Bend Space, Banish, Renounce Religion, Evoke Blink


You were on level 11 of the Dungeon.
You worshipped Lugonu.
Lugonu was most pleased with you.
You were hungry.

You visited 1 branch of the dungeon, and saw 11 of its levels.
You visited the Abyss 2 times.
You also visited: Sewer.

You collected 535 gold pieces.
You spent 285 gold pieces at shops.

Inventory:

Hand Weapons
 a - a +3 hand axe (weapon)
Armour
 b - the cursed +1 plate armour "Cyanaoh" (worn) {+Blink Str+4 Int+5}
   (You found it on level 10 of the Dungeon)

   It affects your strength (+4).
   It affects your intelligence (+5).
   It lets you blink.
   It has a curse placed upon it.
 f - a +2 pair of gloves (worn)
 n - a scarf of harm
 v - a +2 helmet of see invisible (worn)
 x - a +0 kite shield (worn)
 A - a +0 cloak (worn)
Jewellery
 d - a +4 ring of slaying (left hand)
 e - a +4 ring of protection
 m - an uncursed ring of ice {unknown}
 p - an amulet of the acrobat (around neck)
 q - a +6 ring of dexterity (right hand)
 s - an uncursed ring of positive energy {unknown}
 B - an uncursed ring of protection from fire
Wands
 u - a wand of flame (8)
 C - a wand of paralysis (9)
 E - a wand of acid (11)
 H - a wand of iceblast (9)
Scrolls
 g - 2 scrolls of teleportation
 h - 3 scrolls of identify
 i - a scroll of fear
 j - 6 scrolls of remove curse
 k - 3 scrolls of magic mapping
 y - 3 scrolls of fog
 F - 2 scrolls of blinking
Potions
 l - 3 potions of curing
 o - a potion of berserk rage
 r - a potion of magic {unknown}
 t - 2 potions of haste
 w - 5 potions of flight {unknown}
 z - 3 potions of degeneration {unknown}
 D - a potion of ambrosia {unknown}
 G - 2 potions of cancellation {unknown}
 I - a potion of invisibility {unknown}
Comestibles
 c - 19 rations


   Skills:
 + Level 6.3 Fighting
 + Level 8.1 Axes
 * Level 7.6 Armour
 * Level 4.9 Dodging
 + Level 2.8 Shields
 * Level 8.1 Invocations


You had 10 spell levels left.
You didn't know any spells.
Your spell library contained the following spells:

 Spells                   Type           Power        Failure   Level  Hunger
 Summon Small Mammal      Summ           #...         100%        1    ##.....
 Blink                    Tloc           N/A          100%        2    ###....
 Call Imp                 Summ           #.......     100%        2    ###....
 Poisonous Vapours        Pois/Air       #.....       100%        2    ###....
 Shroud of Golubria       Chrm/Tloc      #.....       100%        2    ###....
 Call Canine Familiar     Summ           #.......     100%        3    ####...
 Conjure Flame            Conj/Fire      #.......     100%        3    ####...
 Gell's Gravitas          Tloc           #.........   100%        3    ####...
 Lesser Beckoning         Tloc           #.........   100%        3    ####...
 Mephitic Cloud           Conj/Pois/Air  #.......     100%        3    ####...
 Summon Guardian Golem    Hex/Summ       #.......     100%        3    ####...
 Teleport Other           Tloc           #.......     100%        3    ####...
 Passage of Golubria      Tloc           N/A          100%        4    #####..
 Summon Ice Beast         Ice/Summ       #.......     100%        4    #####..
 Summon Lightning Spire   Summ/Air       #.......     100%        4    #####..
 Freezing Cloud           Conj/Ice/Air   #.........   100%        6    #######
 Ring of Flames           Chrm/Fire      #.........   100%        7    #######


Dungeon Overview and Level Annotations

Branches:
Dungeon (11/15)            Temple (0/1) D:4           Sewer (visited)
   Lair: D:8-11         Orc: D:9-12

Altars:
Hepliaklqana
Qazlal
Sif Muna
Trog
Xom

Shops:
D:4 *   D:6 [


Innate Abilities, Weirdness & Mutations

You have hooves in place of feet.
Armour fits poorly on your strangely shaped body.
You cover ground very quickly.
You have extremely tough skin. (AC +3)


Message History

The acid dragon spits acid at you. The splash of acid hits you!
* * * LOW HITPOINT WARNING * * *
The acid corrodes you!
You are splashed with acid!
* * * LOW HITPOINT WARNING * * *
Unknown command.
You feel better. The centaur zombie hits you.
* * * LOW HITPOINT WARNING * * *
The acid dragon bites you.
* * * LOW HITPOINT WARNING * * *
You block the acid dragon's attack.
Unknown command.
You feel better. You block the centaur zombie's attack.
The acid dragon bites you but does no damage.
The acid dragon barely misses you. The acid dragon spits acid at you.
The splash of acid hits you!
* * * LOW HITPOINT WARNING * * *
The acid corrodes you!
You are splashed with acid!
You die...

#... .# #...##.# #....#.#
.##....#.# ........>## #OD.#
## #.#.###.# #.Z.#...
####.@#.# #.......#
#######.##...(###
#.รท.....##......#
#)########...<#.# .#
#))....#####.##[# #.#
##+##).....+.###..#+#####.#.#
#..........#.##.............#
#.......####..'.........###.#


You could see an acid dragon (catching breath), an ogre and a centaur zombie.

Vanquished Creatures
  Snorg (D:10)
  Erica (D:10)
  A tengu warrior (D:9)
  An ugly thing (D:10)
  A centaur zombie (D:11)
  A troll (D:10)
  A hippogriff (D:11)
  3 shadows
  Grum (D:8)
  A vampire mosquito (D:10)
  A hungry ghost (D:10)
  An acid dragon (D:10)
  A water moccasin (D:9)
  4 orc warriors
  2 ice beasts
  A necrophage (D:8)
  A sky beast (D:7)
  3 wolves (D:8)
  A phantom (D:11)
  3 ogres
  A crocodile (D:7)
  A big kobold (Sewer)
  A wyvern zombie (D:11)
  7 bullfrogs
  3 scorpions
  5 wights (D:8)
  3 howler monkeys
  3 crimson imps
  A bullfrog zombie (D:7)
  3 hounds
  11 orc priests
  3 bullfrog skeletons
  A centaur skeleton (D:11)
  3 quasits (D:3)
  8 jellies
  9 orc wizards
  An iguana (D:5)
  2 worker ants
  2 killer bee zombies
  2 hound skeletons
  2 worker ant zombies
  13 adders
  2 river rats (Sewer)
  4 shadow imps
  A white imp (Abyss:1)
  3 oozes
  2 worms (D:2)
  3 dart slugs
  6 leopard geckos
  34 orcs
  6 bats
  2 giant cockroaches (D:5)
  12 goblins
  11 hobgoblins
  10 jackals
  8 quokkas
  4 frilled lizards
  12 kobolds
  A quokka skeleton (D:6)
  13 rats
249 creatures vanquished.

Vanquished Creatures (others)
  A wizard (D:4)
  A freezing wraith (D:9)
  The ghost of duje the Poker, an amateur MfGl (D:3)
  An ogre (D:4)
  A wolf (D:7)
5 creatures vanquished.

Grand Total: 254 creatures vanquished

Notes
Turn   | Place    | Note
-------+----------+-------------------------------------------
     0 | Abyss:1  | Gargoyl the Centaur Abyssal Knight began the quest for the
                  | Orb.
     0 | Abyss:1  | Reached XP level 1. HP: 19/19 MP: 2/2
   184 | Abyss:1  | Noticed a large abomination
   189 | Abyss:1  | Noticed a necromancer
   192 | D:1      | Escaped the Abyss
   236 | D:1      | Reached XP level 2. HP: 26/26 MP: 3/3
   246 | D:1      | Reached * piety under Lugonu
   355 | D:1      | Reached XP level 3. HP: 28/31 MP: 4/4
   689 | D:1      | Reached skill level 1 in Dodging
  1200 | D:2      | Reached ** piety under Lugonu
  1320 | D:2      | Reached XP level 4. HP: 35/40 MP: 5/5
  1443 | D:3      | Found a transporter.
  1454 | D:3      | Noticed duje's ghost (amateur MfGl)
  1504 | D:3      | Found a transporter.
  1618 | D:3      | Reached XP level 5. HP: 24/46 MP: 7/7
  2161 | D:3      | Reached *** piety under Lugonu
  2528 | D:3      | Banished duje's ghost
  2528 | D:3      | Reached XP level 6. HP: 46/52 MP: 8/8
  2765 | D:4      | Found a staircase to the Ecumenical Temple.
  2916 | D:4      | Reached XP level 7. HP: 13/60 MP: 9/9
  3265 | D:4      | Found a bloodstained altar of Trog.
  3266 | D:4      | Noticed a wizard
  3274 | D:4      | Killed a wizard
  3457 | D:4      | Found Wadod's General Store.
  3482 | D:4      | Bought a +0 buckler for 54 gold pieces
  3749 | D:5      | Entered Level 5 of the Dungeon
  4040 | D:5      | Found a glowing drain.
  4062 | Sewer    | Entered a sewer
  4215 | Sewer    | Found a white marble altar of Elyvilon.
  4353 | D:5      | Reached XP level 8. HP: 67/67 MP: 11/11
  4637 | D:6      | Reached skill level 5 in Axes
  4770 | D:6      | Reached **** piety under Lugonu
  4799 | D:6      | Found Guikhag's Armour Shoppe.
  4805 | D:6      | Bought a +1 helmet of see invisible for 231 gold pieces
  5836 | D:7      | Found a stormy altar of Qazlal.
  5873 | D:7      | Reached skill level 5 in Fighting
  5873 | D:7      | Reached skill level 5 in Armour
  5873 | D:7      | Reached skill level 5 in Invocations
  5873 | D:7      | Reached XP level 9. HP: 32/74 MP: 12/12
  6265 | D:7      | Found a hazy altar of Hepliaklqana.
  6619 | D:8      | Reached skill level 1 in Shields
  6639 | D:9      | Reached ***** piety under Lugonu
  7042 | D:8      | Noticed Grum
  7442 | D:8      | Found a shimmering blue altar of Sif Muna.
  7460 | D:8      | Killed Grum
  7692 | D:9      | Found a shimmering altar of Xom.
  8549 | D:10     | Entered Level 10 of the Dungeon
  8562 | D:10     | Noticed a troll
  8571 | D:10     | Killed a troll
  8758 | D:10     | Noticed a tengu warrior
  8765 | D:10     | Reached XP level 10. HP: 77/83 MP: 14/14
  9032 | D:9      | Killed a tengu warrior
  9270 | Abyss:1  | Noticed a Hell Sentinel
  9271 | D:10     | Escaped the Abyss
 10080 | D:10     | Got a twisted plate armour
 10087 | D:10     | Noticed a catoblepas
 10137 | D:9      | Identified the cursed +1 plate armour "Cyanaoh" {+Blink
                  | Str+4 Int+5} (You found it on level 10 of the Dungeon)
 10155 | D:10     | Banished a catoblepas
 10446 | D:10     | Noticed a green ugly thing
 10460 | D:10     | Killed a green ugly thing
 10734 | D:10     | Noticed Snorg
 10793 | D:10     | Killed Snorg
 11020 | D:10     | Noticed Erica
 11031 | D:10     | Killed Erica
 11031 | D:10     | Reached XP level 11. HP: 85/89 MP: 16/16
 11730 | D:11     | Splashed by an acid dragon's acid

Illustrated notes

Levels and vault maps discovered:
D:1:      saegor_arrival_simple_c, layout_basic, serial_bayou_pond_c
D:2:      layout_rooms, st_stairs_7
D:3:      layout_basic, gammafunk_ghost_stat_death
D:4:      layout_loops_ring, minmay_temple_entry_from_below_a, serial_shops,
          shop_fountains, trog_wizard
D:5:      layout_basic, gup_sewer_entry_glass, first_ration
D:6:      layout_basic, serial_shops, shop
D:7:      layout_basic, kennysheep_mini, nicolae_qazlal_general_emergency
D:8:      layout_rooms, lemuel_statue_altar, uniq_grum
D:9:      layout_gridville, basic_altar
D:10:     minmay_cut_squares, layout_irregular_city, uniq_erica, uniq_snorg
D:11:     layout_basic, lair_entry_dummy, gammafunk_ghost_cemetery,
          hangedman_ranch [blue_anna_fruit_fields]

Skill      XL: |  1  2  3  4  5  6  7  8  9 10 11 |
---------------+----------------------------------+-----
Axes           | 2 3 4 6 7 8 |  8.1
Dodging        | 1 2 3 4 |  4.9
Fighting       | 4 5 6 |  6.3
Armour         | 2 3 5 6 7 |  7.6
Invocations    | 3 4 5 6 7 8 |  8.1
Shields        | 1 2 |  2.8

Action                   |  1- 3 |  4- 6 |  7- 9 | 10-12 || total
-------------------------+-------+-------+-------+-------++-------
Melee: Hand axe          |    76 |   103 |   309 |   200 ||   688
       Kick              |    11 |    14 |    91 |    85 ||   201
Invok: Depart the Abyss  |     1 |       |       |     1 ||     2
       Banish            |       |     1 |     2 |     3 ||     6
       Enter the Abyss   |       |       |       |     1 ||     1
  Use: Scroll            |     8 |     6 |    12 |     1 ||    27
       Potion            |       |       |     2 |     7 ||     9
  Eat: Chunk             |       |     5 |    16 |     7 ||    28
       Ration            |       |       |       |     1 ||     1
Armor: Leather armour    |    28 |       |       |       ||    28
       Chain mail        |     4 |   121 |   184 |    75 ||   384
       Plate armour      |       |       |       |    67 ||    67
Dodge: Dodged            |    19 |    50 |    88 |    53 ||   210
Block: Buckler           |       |       |    12 |       ||    12
       Kite shield       |       |       |    92 |   105 ||   197

Table legend:
 A = Non-vault XP
 B = Vault XP
 C = Vault XP percentage of total XP
 D = Non-vault monster count
 E = Vault monster count
 F = Vault count percentage of total count
                 A         B        C        D         E       F
            +---------+---------+-------+---------+---------+-------
      Total |    6824 |    6357 |  48.2 |     218 |      36 |  14.2
            +---------+---------+-------+---------+---------+-------
        D:1 |      60 |       0 |   0.0 |      31 |       0 |   0.0
        D:2 |      32 |       2 |   5.9 |      12 |       1 |   7.7
        D:3 |     180 |     275 |  60.4 |      31 |       4 |  11.4
        D:4 |     313 |       0 |   0.0 |      14 |       0 |   0.0
        D:5 |     396 |      41 |   9.4 |      23 |       4 |  14.8
        D:6 |     446 |       0 |   0.0 |      11 |       0 |   0.0
        D:7 |    1258 |      84 |   6.3 |      24 |       1 |   4.0
        D:8 |     814 |     550 |  40.3 |      19 |       4 |  17.4
        D:9 |     599 |    1296 |  68.4 |      18 |       3 |  14.3
       D:10 |     859 |    3973 |  82.2 |      15 |       9 |  37.5
       D:11 |    1857 |       0 |   0.0 |      19 |       0 |   0.0
    Abyss:1 |      10 |       0 |   0.0 |       1 |       0 |   0.0
      Sewer |       0 |     136 | 100.0 |       0 |      10 | 100.0
            +---------+---------+-------+---------+---------+-------
